 Dungeon Crawl Stone Soup version 0.31-a0-148-gb92c8fe61f (webtiles) character file.

Game seed: 7752928706553194709

1239 qw the Skirmisher (level 8, -2/71 HPs)
             Began as a Minotaur Hunter on June 7, 2023.
             Was an Initiate of Okawaru.
             Slain by an orc warrior
             ... wielding a +0 dire flail
              (6 damage)
             ... on level 6 of the Dungeon.
             The game lasted 00:02:33 (5185 turns).

qw the Skirmisher (Minotaur Hunter)                 Turns: 5185, Time: 00:02:33

Health: -2/71      AC:  7    Str: 21    XL:     8   Next: 25%
Magic:  7/7        EV: 13    Int:  6    God:    Okawaru [......]
Gold:   167        SH:  0    Dex: 23    Spells: 7/7 levels left

rFire   . . .        Y - +0 shortbow
rCold   . . .        (shield currently unavailable)
rNeg    . . .        d - +0 ring mail
rPois   .            (helmet restricted)
rElec   .            (no cloak)
rCorr   .            (no gloves)
SInv    .            f - +1 pair of boots
Will    .....        (no amulet)
Stlth   +            e - +6 ring of strength
HPRegen 0.31/turn    c - +6 ring of dexterity
MPRegen 0.10/turn

%: no passive effects
@: about to teleport
A: horns 2, retaliatory headbutt
a: Renounce Religion


You were on level 6 of the Dungeon.
You worshipped Okawaru.
Okawaru was noncommittal.
You visited 2 branches of the dungeon, and saw 7 of its levels.

You collected 261 gold pieces.
You spent 94 gold pieces at shops.


Innate Abilities, Weirdness & Mutations

You have a pair of horns on your head.
You reflexively headbutt those who attack you in melee.


   Skills:
 - Level 6.4 Fighting
 + Level 9.5 Ranged Weapons
 - Level 2.5 Armour
 - Level 4.0 Dodging
 - Level 0.7 Stealth


You had 7 spell levels left.
You didn't know any spells.
Your spell library was empty.

Inventory:

Hand Weapons
 Y - a +0 shortbow (weapon)
Armour
 d - a +0 ring mail (worn)
 f - a +1 pair of boots (worn)
 g - a scarf of resistance
Jewellery
 c - a +6 ring of dexterity (right hand)
 e - a +6 ring of strength (left hand)
Scrolls
 b - 2 scrolls of identify
Potions
 a - a potion of haste {unknown}
 h - a potion of cancellation

Dungeon Overview and Level Annotations

Branches:
Dungeon (6/15)             Temple (1/1) D:6

Altars:
Cheibriados
Elyvilon
Fedhas
Gozag
Hepliaklqana
Kikubaaqudgha
Makhleb
Nemelex Xobeh
Okawaru
Qazlal
Ru
Sif Muna
Trog
Uskayaw
Vehumet
Wu Jian
Xom
Yredelemnul
Zin
The Shining One

Shops:
D:4 [

Annotations:
D:2 1 runed translucent door, Crazy Yiuf
D:3 1 runed translucent door, qw's ghost, amateur MiHu


Message History

The orc warrior completely misses you.
You shoot an arrow.
The arrow barely misses the orc warrior.
The orc warrior hits you with a +0 dire flail.
You shoot an arrow.
The arrow barely misses the orc warrior.
The orc warrior barely misses you.
You shoot an arrow.
The arrow barely misses the orc warrior.
The orc warrior hits you but does no damage.
You shoot an arrow.
The arrow closely misses the orc warrior.
The orc warrior hits you with a +0 dire flail!
You shoot an arrow.
The arrow closely misses the orc warrior.
The orc warrior hits you with a +0 dire flail!
You shoot an arrow. The arrow hits the orc warrior.
The orc warrior is heavily wounded.
The orc warrior hits you with a +0 dire flail!
You shoot an arrow. The arrow hits the orc warrior.
The orc warrior is heavily wounded.
You shoot an arrow. The arrow hits the orc warrior.
The orc warrior is severely wounded.
The orc warrior closely misses you.
You shoot an arrow.
The arrow barely misses the orc warrior.
The orc priest calls down the wrath of Beogh upon you.
Beogh smites you!
The orc warrior hits you with a +0 dire flail!
5184 ||| READING scroll of teleportation.
As you read the scroll of teleportation, it crumbles to dust.
You feel strangely unstable. The orc priest barely misses you.
You furiously retaliate!
You headbutt the orc priest!
The orc warrior hits you with a +0 dire flail!
You shoot an arrow. The arrow hits the orc priest!
You kill the orc priest!
Okawaru accepts your kill.
The orc warrior hits you with a +0 dire flail.
You die...

### ### #.. ...#
## #.# #.#.##.
#.#
####.##.##.#.
#.#
#............
#.#
#.##.##.##.#.
#.# #.#
#.#.#.##.
###.###.#
#...###.
#o@.....#####.##
#.
#)#....).)....#
#.
#.#############
#. #) #. #. #.
#. #. #.


You could see an orc warrior.

Vanquished Creatures
  A centaur (D:5)
  3 phantoms
  5 scorpions
  A crimson imp (D:5)
  A jelly (D:4)
  2 orc priests
  A sleepcap (D:5)
  A hound (D:4)
  Ijyb (D:5)
  5 orc wizards
  Robin (D:3)
  4 gnolls
  A river rat (D:3)
  8 adders
  A shadow imp (D:6)
  A white imp (D:5)
  2 ufetubi (D:5)
  3 worms (D:2)
  A dart slug (D:2)
  24 orcs
  9 bats
  10 endoplasms
  A giant cockroach (D:3)
  19 goblins
  7 hobgoblins
  5 jackals
  7 kobolds
  4 quokkas
  8 ball pythons
  4 frilled lizards
  11 rats
152 creatures vanquished.

Notes
Turn   | Place    | Note
-------+----------+-------------------------------------------
     0 | D:1      | qw the Minotaur Hunter began the quest for the Orb.
     0 | D:1      | Reached XP level 1. HP: 18/18 MP: 0/0
     0 | D:1      | 0 ||| qw: Version: 0.2-a-117-gc6b5c8b
     0 | D:1      | 0 ||| qw: Game counter: 2547
     0 | D:1      | 0 ||| qw: Always use a shield: true
     0 | D:1      | 0 ||| qw: God list: Okawaru
     0 | D:1      | 0 ||| qw: Allow faded altars: false
     0 | D:1      | 0 ||| qw: Do Orc after D:15 true
     0 | D:1      | 0 ||| qw: Do second Lair branch before Depths: true
     0 | D:1      | 0 ||| qw: Lair rune preference: random
     0 | D:1      | 0 ||| qw: Plans: Normal
     0 | D:1      | 0 ||| PLANNING D:1-11
    82 | D:1      | Reached XP level 2. HP: 25/25 MP: 1/1
    88 | D:1      | Reached skill level 5 in Ranged Weapons
   225 | D:1      | Reached skill level 3 in Fighting
   611 | D:1      | 611 ||| UPGRADING to +0 ring mail.
   621 | D:1      | 621 ||| DROPPING +0 leather armour.
   622 | D:1      | 622 ||| UPGRADING to +6 ring of strength.
   623 | D:1      | 623 ||| READING scroll labelled VUCOYDDANI.
   624 | D:1      | 624 ||| READING scroll labelled ETTA UHACUZIPH.
   625 | D:1      | 625 ||| READING scroll labelled ETEM EHOAFE.
   626 | D:1      | 626 ||| DROPPING scroll of butterflies.
   654 | D:2      | Reached XP level 3. HP: 31/31 MP: 2/2
   772 | D:2      | Reached skill level 1 in Armour
  1064 | D:2      | Found a runed translucent door.
  1065 | D:2      | Noticed Crazy Yiuf
  1151 | D:2      | Reached XP level 4. HP: 38/38 MP: 3/3
  1277 | D:2      | Reached skill level 6 in Ranged Weapons
  1685 | D:2      | 1685 ||| UPGRADING to +6 ring of dexterity.
  1686 | D:2      | 1686 ||| READING 3 scrolls labelled BIXUXT CESTE.
  1687 | D:2      | 1687 ||| READING scroll labelled UTOIKKIOBIT.
  1688 | D:2      | 1688 ||| READING scroll labelled KUSHACWIKUY.
  1689 | D:2      | 1689 ||| READING scroll labelled CUITIA JIFIMU.
  1690 | D:2      | 1690 ||| READING 2 scrolls of identify.
  1690 | D:2      | 1690 ||| IDENTIFYING clear potion
  1691 | D:2      | 1691 ||| DROPPING potion of brilliance.
  1721 | D:3      | 1721 ||| PLANNING SEWER
  1725 | D:3      | 1725 ||| STAIRDANCE
  1921 | D:3      | Found a faded altar of an unknown god.
  2051 | D:3      | Noticed Robin
  2075 | D:3      | HP: 8/40 [Robin/+0 mace (3)]
  2076 | D:3      | Killed Robin
  2352 | D:3      | Found a glowing drain.
  2354 | D:3      | 2354 ||| READING scroll labelled HAQYSU XUZURR.
  2356 | D:3      | 2356 ||| FLEEEEING.
  2357 | D:3      | 2357 ||| FLEEEEING.
  2358 | D:3      | 2358 ||| FLEEEEING.
  2359 | D:3      | 2359 ||| Stepping randomly (stuck).
  2360 | D:3      | 2360 ||| Stepping randomly (stuck).
  2361 | D:3      | 2361 ||| Stepping randomly (stuck).
  2362 | D:3      | 2362 ||| Stepping randomly (stuck).
  2363 | D:3      | 2363 ||| Stepping randomly (stuck).
  2364 | D:3      | 2364 ||| Stepping randomly (stuck).
  2365 | D:3      | 2365 ||| Stepping randomly (stuck).
  2366 | D:3      | 2366 ||| Stepping randomly (stuck).
  2367 | D:3      | 2367 ||| Stepping randomly (stuck).
  2368 | D:3      | 2368 ||| Stepping randomly (stuck).
  2369 | D:3      | 2369 ||| Stepping randomly (stuck).
  2370 | D:3      | 2370 ||| Stepping randomly (stuck).
  2371 | D:3      | 2371 ||| Stepping randomly (stuck).
  2373 | D:3      | 2373 ||| Stepping randomly (stuck).
  2377 | D:3      | Reached skill level 3 in Dodging
  2377 | D:3      | Reached XP level 5. HP: 46/46 MP: 4/4
  2467 | D:3      | 2467 ||| Stepping randomly (stuck).
  2468 | D:3      | 2468 ||| Stepping randomly (stuck).
  2469 | D:3      | 2469 ||| Stepping randomly (stuck).
  2470 | D:3      | 2470 ||| Stepping randomly (stuck).
  2471 | D:3      | 2471 ||| Stepping randomly (stuck).
  2472 | D:3      | 2472 ||| Stepping randomly (stuck).
  2473 | D:3      | 2473 ||| Stepping randomly (stuck).
  2474 | D:3      | 2474 ||| Stepping randomly (stuck).
  2475 | D:3      | 2475 ||| Stepping randomly (stuck).
  2476 | D:3      | 2476 ||| Stepping randomly (stuck).
  2477 | D:3      | 2477 ||| Stepping randomly (stuck).
  2478 | D:3      | 2478 ||| Stepping randomly (stuck).
  2479 | D:3      | 2479 ||| Stepping randomly (stuck).
  2480 | D:3      | 2480 ||| Stepping randomly (stuck).
  2481 | D:3      | 2481 ||| Stepping randomly (stuck).
  2482 | D:3      | 2482 ||| Stepping randomly (stuck).
  2482 | D:3      | 2482 ||| RIP SEWER
  2483 | D:3      | 2483 ||| PLANNING D:1-11
  2821 | D:3      | Found a runed translucent door.
  3062 | D:3      | Noticed qw's ghost (amateur MiHu)
  3064 | D:3      | 3064 ||| READING scroll labelled ZEMOSUM VOWATEHU.
  3065 | D:3      | 3065 ||| READING scroll labelled IFUHOU XILLEBRI.
  3066 | D:3      | 3066 ||| READING scroll labelled PIQ PATUATSA.
  3068 | D:3      | 3068 ||| Stepping ~*~*~tactically~*~*~ (cloud).
  3245 | D:4      | Noticed a phantom
  3245 | D:4      | Found Dommuis's Antique Armour Emporium.
  3252 | D:4      | Killed a phantom
  3253 | D:4      | Reached skill level 7 in Ranged Weapons
  3253 | D:4      | Reached XP level 6. HP: 43/52 MP: 5/5
  3288 | D:4      | 3288 ||| BUYING pair of boots (94 gold).
  3288 | D:4      | Bought a pair of boots for 94 gold pieces
  3288 | D:4      | 3288 ||| SHOPLISTING pair of gloves (94 gold, have 29).
  3321 | D:4      | Found a radiant altar of Vehumet.
  3402 | D:4      | Reached skill level 8 in Ranged Weapons
  3738 | D:4      | 3738 ||| Stepping ~*~*~tactically~*~*~ (outnumbered).
  3854 | D:4      | Reached XP level 7. HP: 61/61 MP: 6/6
  3859 | D:4      | 3859 ||| FLEEEEING.
  3860 | D:4      | 3860 ||| FLEEEEING.
  3861 | D:4      | 3861 ||| FLEEEEING.
  3862 | D:4      | 3862 ||| FLEEEEING.
  3863 | D:4      | 3863 ||| FLEEEEING.
  3864 | D:4      | 3864 ||| FLEEEEING.
  3865 | D:4      | 3865 ||| FLEEEEING.
  3866 | D:4      | 3866 ||| FLEEEEING.
  3867 | D:4      | 3867 ||| FLEEEEING.
  3868 | D:4      | 3868 ||| FLEEEEING.
  3869 | D:4      | 3869 ||| FLEEEEING.
  3870 | D:4      | 3870 ||| FLEEEEING.
  3871 | D:4      | 3871 ||| FLEEEEING.
  3872 | D:4      | 3872 ||| FLEEEEING.
  3873 | D:4      | 3873 ||| FLEEEEING.
  3874 | D:4      | 3874 ||| FLEEEEING.
  3875 | D:4      | 3875 ||| FLEEEEING.
  3876 | D:4      | 3876 ||| FLEEEEING.
  3877 | D:4      | 3877 ||| FLEEEEING.
  3878 | D:4      | 3878 ||| FLEEEEING.
  3879 | D:4      | 3879 ||| FLEEEEING.
  3880 | D:4      | 3880 ||| FLEEEEING.
  3881 | D:4      | 3881 ||| FLEEEEING.
  3882 | D:4      | 3882 ||| FLEEEEING.
  3883 | D:4      | 3883 ||| FLEEEEING.
  3884 | D:4      | 3884 ||| FLEEEEING.
  3885 | D:4      | 3885 ||| FLEEEEING.
  3886 | D:4      | 3886 ||| FLEEEEING.
  3887 | D:4      | 3887 ||| STAIRDANCE
  3938 | D:3      | 3938 ||| UPGRADING to +0 pair of boots.
  3943 | D:3      | 3943 ||| READING 2 scrolls labelled FORROS OTSU.
  3944 | D:3      | 3944 ||| READING scroll of enchant armour.
  3944 | D:3      | 3944 ||| ENCHANTING +0 pair of boots.
  3945 | D:3      | 3945 ||| READING 5 scrolls of identify.
  3945 | D:3      | 3945 ||| IDENTIFYING grey potion
  3946 | D:3      | 3946 ||| READING 4 scrolls of identify.
  3946 | D:3      | 3946 ||| IDENTIFYING bubbling puce potion
  3947 | D:3      | 3947 ||| DROPPING potion of enlightenment.
  4051 | D:5      | Entered Level 5 of the Dungeon
  4411 | D:5      | Reached skill level 9 in Ranged Weapons
  4415 | D:5      | 4415 ||| DRINKING potion of curing.
  4415 | D:5      | 4415 ||| (to cure confusion)
  4610 | D:5      | Reached XP level 8. HP: 70/70 MP: 7/7
  4733 | D:5      | Reached skill level 6 in Fighting
  4846 | D:5      | Noticed Ijyb
  4854 | D:5      | Killed Ijyb
  4950 | D:5      | 4950 ||| DROPPING +6 ring of intelligence.
  4951 | D:5      | 4951 ||| READING 4 scrolls of identify.
  4951 | D:5      | 4951 ||| IDENTIFYING glowing ruby potion
  4952 | D:5      | 4952 ||| READING 3 scrolls of identify.
  4952 | D:5      | 4952 ||| IDENTIFYING green potion
  4953 | D:5      | 4953 ||| DROPPING potion of degeneration.
  4965 | D:6      | Found a staircase to the Ecumenical Temple.
  4966 | D:6      | 4966 ||| PLANNING TEMPLE
  4966 | D:6      | 4966 ||| STAIRDANCE
  4991 | Temple   | Entered the Ecumenical Temple
  4991 | Temple   | Found a transporter.
  4991 | Temple   | Found a transporter.
  4993 | Temple   | Found a transporter.
  4993 | Temple   | Found a transporter.
  5003 | Temple   | 5003 ||| PLANNING D:1-11
  5006 | Temple   | 5006 ||| PLANNING OKAWARU WORSHIP
  5013 | Temple   | Became a worshipper of Warmaster Okawaru
  5013 | Temple   | 5013 ||| PLANNING D:1-11
  5183 | D:6      | HP: 17/71 [orc warrior/+0 dire flail (9)]
  5184 | D:6      | 5184 ||| READING scroll of teleportation.
  5184 | D:6      | HP: 4/71 [orc warrior/+0 dire flail (13)]
  5185 | D:6      | Slain by an orc warrior

Levels and vault maps discovered:
D:1:      dpeg_arrival_orchard, layout_basic, minivault_14
D:2:      minmay_angry_zag, layout_basic, uniq_crazy_yiuf_cottage
D:3:      layout_loops_corners, portal_sewer_entry_a,
          shapermc_ecumenical_altar_starsandcircs,
          ebering_ghost_reflecting_pool, uniq_robin
D:4:      old_forge, layout_rooms, vehumet_crystals, serial_shops, shop,
          grunt_decor_clamped
D:5:      layout_basic, minmay_fire_ice_demons, uniq_ijyb
D:6:      layout_loops_ring, minmay_temple_entry_statues_fountains
Temple:   hellmonk_temple_divided_pantheon

Skill      XL: |  1  2  3  4  5  6  7  8 |
---------------+-------------------------+-----
Ranged Weapons | 5 6 7 8 9 |  9.5
Fighting       | 3 4 5 6 |  6.4
Armour         | 1 2 |  2.5
Dodging        | 3 4 |  4.0
Stealth        | |  0.7

Action                     |  1- 3 |  4- 6 |  7- 9 || total
---------------------------+-------+-------+-------++-------
   Fire: Shortbow          |   120 |   202 |   185 ||   507
    Use: Scroll            |     3 |     9 |     7 ||    19
         Potion            |       |       |     1 ||     1
 Armour: Leather armour    |    11 |       |       ||    11
         Ring mail         |    11 |    35 |    26 ||    72
  Dodge: Dodged            |    31 |    52 |    46 ||   129

Table legend:
 A = Non-vault XP
 B = Vault XP
 C = Vault XP percentage of total XP
 D = Non-vault monster count
 E = Vault monster count
 F = Vault count percentage of total count
                 A         B        C        D         E       F
            +---------+---------+-------+---------+---------+-------
      Total |    1473 |     340 |  18.8 |     124 |      28 |  18.4
            +---------+---------+-------+---------+---------+-------
        D:1 |      39 |       0 |   0.0 |      24 |       0 |   0.0
        D:2 |      71 |      21 |  22.8 |      21 |       5 |  19.2
        D:3 |     130 |      55 |  29.7 |      25 |      18 |  41.9
        D:4 |     429 |     170 |  28.4 |      21 |       2 |   8.7
        D:5 |     597 |      94 |  13.6 |      23 |       3 |  11.5
        D:6 |     207 |       0 |   0.0 |      10 |       0 |   0.0
            +---------+---------+-------+---------+---------+-------
